Map: 环轨星港

Players

iGXiGua

  • Race: Protoss Protoss
  • League: Master

小闲闲闲闲闲

  • Race: Protoss Protoss
  • League: Master

iGMacSed

  • Race: Zerg Zerg
  • League: Master

Nostalie

  • Race: Zerg Zerg
  • League: Master

Event: GPL 2015 - Grand Finals

VOD

Have the link to the VOD?

Description

Time

  • Played on: Jan. 10, 2016, 7:18 a.m.
  • Length: 11:08

All games in this series

Show
View Real Time Build Order
Export as new Build Order

iGXiGua Protoss 

Build Orders: Nexus First, Phoenix Opening 

Get SALT Encoding   

  12  0:01  Probe (Chrono Boost)  
  13  0:11  Probe (Chrono Boost)  
  14  0:18  Pylon  
  14  0:22  Probe (Chrono Boost)  
  15  0:36  Probe (Chrono Boost)  
  16  0:46  Probe (Chrono Boost)  
  17  0:57  Probe (Chrono Boost)  
  17  1:03  Nexus  
  18  1:12  Gateway  
  18  1:15  Probe (Chrono Boost)  
  19  1:26  Probe (Chrono Boost)  
  19  1:27  Assimilator  
  20  1:32  Assimilator  
  20  1:36  Probe (Chrono Boost)  
  21  1:40  Pylon  
  21  1:47  Probe (Chrono Boost)  
  22  1:58  Probe (Chrono Boost)  
  22  1:59  Cybernetics Core  
  23  2:07  Zealot  
  26  2:08  Probe (Chrono Boost)  
  26  2:16  Probe (Chrono Boost)  
  26  2:19  Probe (Chrono Boost)  
  28  2:27  Probe (Chrono Boost)  
  28  2:29  Probe (Chrono Boost)  
  30  2:35  Warp Gate  
  30  2:36  Adept  
  32  2:37  Probe (Chrono Boost)  
  32  2:40  Probe (Chrono Boost)  
  32  2:43  Stargate  
  34  2:48  Probe (Chrono Boost)  
  34  2:50  Probe (Chrono Boost)  
  37  2:58  Probe (Chrono Boost)  
  37  3:01  Probe (Chrono Boost)  
  37  3:03  Pylon  
  40  3:05  Adept  
  40  3:09  Probe (Chrono Boost)  
  40  3:11  Probe (Chrono Boost)  
  42  3:19  Probe (Chrono Boost)  
  43  3:23  Probe (Chrono Boost), Phoenix  
  43  3:26  Pylon  
  46  3:30  Probe (Chrono Boost)  
  46  3:32  Adept  
  50  3:35  Probe (Chrono Boost)  
  50  3:40  Probe (Chrono Boost)  
  51  3:45  Phoenix  
  51  3:48  Probe (Chrono Boost)  
  54  3:51  Nexus  
  54  3:54  Probe (Chrono Boost)  
  55  4:00  Pylon  
  55  4:02  Mothership Core (Chrono Boost)  
  57  4:03  Adept  
  57  4:05  Probe (Chrono Boost)  
  57  4:06  Phoenix  
  60  4:15  Assimilator  
  62  4:19  Probe (Chrono Boost), Assimilator  
  62  4:22  Probe (Chrono Boost)  
  64  4:28  Phoenix  
  64  4:29  Probe (Chrono Boost)  
  65  4:33  Gateway  
  65  4:34  Probe (Chrono Boost)  
  65  4:35  Gateway  
  65  4:37  Pylon  
  68  4:40  Probe (Chrono Boost)  
  70  4:46  Probe (Chrono Boost)  
  70  4:49  Robotics Facility  
  70  4:52  Phoenix  
  70  4:55  Probe (Chrono Boost)  
  70  4:58  Probe (Chrono Boost)  
  70  4:59  Pylon  
  74  5:04  Probe (Chrono Boost)  
  74  5:06  Probe (Chrono Boost)  
  76  5:10  Probe (Chrono Boost), Twilight Council  
  77  5:14  Phoenix  
  77  5:15  Probe (Chrono Boost)  
  77  5:17  Probe (Chrono Boost)  
  82  5:22  Probe (Chrono Boost)  
  82  5:25  Probe (Chrono Boost), Pylon  
  82  5:27  Probe (Chrono Boost)  
  84  5:32  Assimilator, Warp Prism  
  84  5:34  Probe (Chrono Boost)  
  85  5:36  Probe (Chrono Boost)  
  85  5:37  Assimilator  
  85  5:38  Probe (Chrono Boost), Charge  
  85  5:41  Gateway x2  
  89  5:43  Sentry  
  89  5:49  Probe (Chrono Boost)  
  92  5:52  Probe (Chrono Boost)  
  92  5:54  Gateway  
  92  5:57  Probe (Chrono Boost)  
  94  6:02  Pylon  
  94  6:03  Probe (Chrono Boost)  
  95  6:10  Gateway  
  95  6:13  Gateway  
  95  6:16  Gateway  
  95  6:17  Zealot x2  
  99  6:19  Templar Archives  
  99  6:27  Gateway  
  99  6:28  Gateway  
  99  6:31  Gateway  
  99  6:32  Pylon  
  99  6:33  Pylon  
  99  6:36  Zealot, Pylon  
  101  6:43  Psionic Storm  
  101  6:44  Observer  
  102  6:47  Zealot x2  
  102  6:51  Pylon  
  102  6:53  Pylon  
  106  6:55  Pylon x2  
  106  6:57  High Templar x3  
  106  6:58  High Templar  
  114  7:02  Immortal  
  114  7:03  Pylon x2  
  118  7:12  High Templar  
  120  7:16  Pylon  
  120  7:20  Pylon  
  120  7:22  High Templar  
  120  7:24  Zealot x3  
  120  7:25  Zealot x2  
  132  7:31  Zealot x2  
  132  7:32  Pylon  
  132  7:36  Immortal  
  136  7:42  Zealot x3  
  144  7:48  Zealot x3  
  150  7:52  Zealot x2  
  150  7:54  Zealot  
  150  7:56  High Templar x2  
  160  8:00  Archon  
  149  8:15  Zealot x7  
  149  8:17  High Templar x2  
  155  8:30  Archon  
  155  8:31  High Templar x2  
  155  8:32  Zealot  
  157  8:39  Zealot x5  
  157  8:40  Zealot x2  
  169  8:51  Zealot x2  
  169  8:53  Archon  
  169  8:54  Archon  
  159  8:57  Zealot  
  159  9:01  High Templar x4  
  155  9:03  Zealot x3  
  155  9:07  Zealot x2, Archon  
  157  9:19  Archon  
  157  9:22  Zealot x3  
  153  9:26  Zealot x3  
  153  9:28  High Templar x2  
  159  9:33  Warp Prism  
  159  9:34  High Templar, Adept x2  
  159  9:36  Adept  
  159  9:59  Nexus  
  159  10:00  Nexus, Pylon  
  159  10:01  Zealot x2  
  159  10:02  Zealot x2  
  159  10:06  Observer  
  167  10:09  Pylon  
  168  10:22  Adept x3  
  168  10:24  Zealot x6  
  168  10:25  Zealot  
  178  10:31  Zealot x2  
  164  10:42  High Templar  
  164  10:43  High Templar x2  
  164  10:47  Zealot, Adept x2  
  164  10:48  Zealot x2  
  160  10:55  Archon  
  160  10:56  Archon  
  158  10:57  Archon  
  158  10:58  Adept x2  
  158  10:59  Adept x2  
Show
View Real Time Build Order
Export as new Build Order

小闲闲闲闲闲 Protoss 

Build Orders:  

Get SALT Encoding   

  12  0:00  Drone  
  13  0:08  Drone  
  14  0:18  Overlord  
  14  0:25  Extractor, Drone  
  15  0:36  Drone x2  
  17  0:54  Hatchery  
  17  0:56  Drone  
  17  0:59  Drone  
  18  1:21  Hatchery  
  18  1:24  Drone  
  18  1:35  Spawning Pool  
  18  1:39  Drone  
  18  1:42  Drone  
  18  1:46  Drone  
  20  1:52  Drone  
  21  2:01  Drone  
  21  2:07  Drone  
  23  2:12  Overlord  
  23  2:17  Drone  
  24  2:23  Queen, Drone  
  27  2:30  Queen  
  27  2:34  Queen, Drone  
  32  2:37  Drone  
  32  2:39  Drone  
  32  2:41  Drone  
  32  2:43  Extractor  
  34  2:46  Extractor, Drone  
  34  2:47  Drone  
  34  2:49  Drone  
  36  2:54  Drone  
  36  2:55  Drone  
  38  3:00  Drone  
  38  3:01  Queen  
  41  3:08  Overlord  
  41  3:14  Overlord, Drone  
  42  3:26  Overlord  
  42  3:27  Drone x4  
  44  3:32  Drone  
  44  3:33  Zergling x6  
  50  3:38  Spore Crawler, Zergling x4  
  50  3:39  Drone  
  52  3:44  Spore Crawler  
  51  3:49  Drone x2  
  51  3:50  Drone  
  51  3:52  Drone x4  
  59  3:58  Lair  
  59  3:59  Drone x2  
  62  4:06  Overlord  
  62  4:11  Extractor, Overlord  
  62  4:15  Metabolic Boost  
  61  4:18  Evolution Chamber  
  60  4:27  Overlord  
  60  4:28  Overlord  
  60  4:29  Drone x4  
  60  4:30  Drone x5  
  69  4:32  Drone x2  
  71  4:38  Spore Crawler  
  71  4:40  Drone x3  
  71  4:42  Spore Crawler  
  71  4:43  Zerg Melee Weapons Level 1  
  72  4:47  Drone  
  72  4:49  Spore Crawler  
  72  4:50  Drone x3  
  72  4:51  Drone  
  76  4:55  Extractor  
  76  4:59  Zergling x8  
  78  5:00  Zergling x4, Hydralisk Den  
  79  5:07  Spore Crawler  
  79  5:08  Spore Crawler, Overlord  
  77  5:14  Overlord  
  77  5:19  Spore Crawler  
  76  5:24  Overlord x2  
  76  5:28  Drone x3  
  77  5:29  Muscular Augments  
  77  5:34  Extractor  
  77  5:35  Extractor, Drone  
  76  5:37  Drone  
  76  5:41  Overlord x2  
  76  5:42  Baneling Nest  
  76  5:45  Overlord, Drone  
  77  5:50  Drone x4  
  77  5:52  Drone x2  
  77  5:56  Overlord  
  83  6:00  Hydralisk x4  
  83  6:01  Hydralisk x2  
  93  6:06  Hydralisk x3  
  99  6:11  Hydralisk x2  
  99  6:17  Hydralisk x2  
  107  6:23  Drone x2  
  109  6:33  Hydralisk x5  
  109  6:37  Hydralisk  
  109  6:38  Overlord  
  109  6:39  Overlord  
  121  6:41  Zergling x2  
  122  6:47  Overlord x3  
  122  6:48  Overlord  
  122  6:55  Overseer  
  122  6:59  Hydralisk x2  
  122  7:00  Hydralisk  
  128  7:01  Hydralisk  
  128  7:05  Hydralisk x2  
  128  7:07  Zergling x10  
  137  7:14  Zergling x2  
  137  7:15  Zergling x8  
  142  7:21  Zergling x8  
  145  7:24  Zergling x2  
  145  7:26  Zergling x2  
  147  7:33  Hydralisk  
  147  7:34  Hydralisk x3  
  155  7:43  Baneling  
  155  7:44  Baneling x14  
  153  7:46  Zergling x2, Baneling x3  
  153  7:47  Zergling x12  
  160  7:54  Centrifical Hooks  
  160  7:56  Zergling x4  
  160  7:58  Baneling  
  162  8:01  Zergling x8  
  165  8:12  Hydralisk x3  
  151  8:14  Zergling x10  
  151  8:17  Baneling x5  
  156  8:23  Zergling x6  
  151  8:30  Zergling x2  
  151  8:31  Hydralisk  
  149  8:36  Hydralisk  
  149  8:38  Zergling x8  
  155  8:46  Hydralisk  
  155  8:47  Baneling  
  155  8:48  Zergling x2, Baneling x9  
  147  8:52  Zergling x2  
  147  8:53  Zergling x8  
  143  9:00  Hydralisk x3  
  135  9:08  Zergling x6, Overseer  
  115  9:18  Hydralisk  
  115  9:19  Hydralisk x3  
  105  9:24  Hydralisk  
  105  9:27  Zergling x2  
  94  9:33  Zergling x6  
  94  9:36  Zergling x6  
  94  9:39  Baneling  
  94  9:40  Baneling x6  
  94  9:41  Zergling x2  
  94  9:45  Drone x2  
  96  9:52  Drone x2  
  97  9:55  Baneling x4  
  95  10:03  Drone  
  95  10:04  Drone  
  97  10:07  Drone x2  
  97  10:11  Baneling x9  
  97  10:12  Baneling  
  97  10:13  Baneling  
  99  10:27  Baneling x9  
  95  10:28  Zergling x8  
  95  10:39  Zergling x14  
Show
View Real Time Build Order
Export as new Build Order

iGMacSed Zerg 

Build Orders:  

Get SALT Encoding   

Show
View Real Time Build Order
Export as new Build Order

Nostalie Zerg 

Build Orders:  

Get SALT Encoding   

Tags
 
Add a new tag
Caveats
  • Supply blocks, unpowered buildings, or Contaminate may cause inaccurate times.
  • Supply counts are checked every 10 seconds.